 Dungeon Crawl Stone Soup version 0.22-a0-877-g5c4e1af (webtiles) character file.

94504 LairdRich the Severer (level 15, -4/116 HPs)
             Began as a Minotaur Berserker on July 29, 2018.
             Was a High Priest of Trog.
             Killed from afar by a wretched star (11 damage)
             ... with an orb of energy
             ... on level 2 of the Abyss.
             The game lasted 02:22:30 (35968 turns).

LairdRich the Severer (Minotaur Berserker)         Turns: 35968, Time: 02:22:30

Health: -4/116     AC: 24    Str: 30    XL:     15   Next: 63%
Magic:  30/30      EV:  9    Int:  4    God:    Trog [*****.]
Gold:   2494       SH:  0    Dex: 14    Spells: 14/14 levels left

rFire    . . .     SeeInvis .   b - +9 battleaxe of Unreason {elec, rN+}
rCold    + + +     Gourm    .   (shield currently unavailable)
rNeg     + . .     Faith    .   y - +1 plate armour of Kindness {*Slow MR+ Regen+ rCorr}
rPois    .         Spirit   .   w - +2 hat {MR+}
rElec    +         Reflect  .   K - +0 cloak
rCorr    +         Harm     .   f - +0 pair of gloves
MR       +++++     NoTele   +   v - +0 pair of boots
Stlth    ..........             Z - amulet "Zipeostra" {RegenMP -Tele Str+6 Stlth+}
HPRegen  0.69/turn              p - ring of the Jester {rC+ MR+ MP+9 Stlth+}
MPRegen  0.47/turn              J - ring "Uphaomowk" {rC+ MR+}

@: no status effects
A: retaliatory headbutt, horns 2, [blurry vision 2], cold resistance 1, [frail
2], electricity resistance, MP-powered wands
a: Berserk, Trog's Hand, Brothers in Arms, Renounce Religion


You were on level 2 of the Abyss.
You worshipped Trog.
Trog was extremely pleased with you.
You were not hungry.

You visited 3 branches of the dungeon, and saw 21 of its levels.
You visited the Abyss 1 time.
You also visited: Labyrinth, Ossuary, Ice Cave and Volcano.

You collected 2584 gold pieces.
You spent 90 gold pieces at shops.

Inventory:

Hand Weapons
 a - a +8 battleaxe of flaming
 b - the +9 battleaxe of Unreason (weapon) {elec, rN+}
   (You found it on level 11 of the Dungeon)

   Occasionally, upon striking a foe, it will discharge some electrical energy
   and cause terrible harm.
   It protects you from negative energy.
 z - a +2 antimagic executioner's axe
 V - a +2 arbalest of freezing
Armour
 f - a +0 pair of gloves (worn)
 g - a +0 large shield
 v - a +0 pair of boots (worn)
 w - a +2 hat of magic resistance (worn)
 y - the +1 plate armour of Kindness (worn) {*Slow MR+ Regen+ rCorr}
   (You acquired it on level 1 of the Dungeon)

   It affects your resistance to hostile enchantments.
   It increases your rate of regeneration.
   It provides partial protection from all sources of acid and corrosion.
   It may slow you when you take damage.
 K - a +0 cloak (worn)
 Y - a +4 plate armour of fire resistance
Jewellery
 h - an uncursed ring of protection from cold
 k - a +4 ring of evasion
 o - a +2 ring of protection
 p - the ring of the Jester (left hand) {rC+ MR+ MP+9 Stlth+}
   (You found it on level 6 of the Lair of Beasts)

   [ring of protection from magic]

   It protects you from cold.
   It affects your resistance to hostile enchantments.
   It affects your magic capacity (+9).
   It makes you more stealthy.
 t - an uncursed ring of see invisible
 D - an uncursed amulet of regeneration
 J - the ring "Uphaomowk" (right hand) {rC+ MR+}
   (You found it on level 11 of the Dungeon)

   [ring of protection from cold]

   It protects you from cold.
   It affects your resistance to hostile enchantments.
 M - an uncursed ring of protection from fire
 T - an uncursed ring of ice
 U - an uncursed ring of protection from cold
 X - an uncursed ring of positive energy
 Z - an amulet "Zipeostra" (around neck) {RegenMP -Tele Str+6 Stlth+}
   (You found it in a labyrinth)

   [amulet of magic regeneration]

   It increases your magic regeneration.
   It affects your strength (+6).
   It prevents most forms of teleportation.
   It makes you more stealthy.
Wands
 d - a wand of disintegration (24)
 s - a wand of paralysis (34)
 x - a wand of flame (32)
 Q - a wand of acid (10)
 S - a wand of digging (18)
Scrolls
 m - 3 scrolls of identify
 n - a scroll of enchant armour
 q - 12 scrolls of remove curse
 B - 12 scrolls of teleportation
 E - a scroll of blinking
 P - 2 scrolls of magic mapping
Potions
 c - 3 potions of cancellation
 i - 3 potions of curing
 j - a potion of haste
 l - 2 potions of ambrosia
 r - 7 potions of brilliance
 G - 3 potions of agility {unknown}
 O - 2 potions of might {unknown}
 R - 2 potions of resistance {unknown}
Comestibles
 e - 18 rations


   Skills:
 + Level 16.5 Fighting
 - Level 20.0 Axes
 + Level 4.2 Crossbows
 + Level 14.8 Armour
 - Level 2.4 Dodging
 * Level 9.5 Evocations


You had 14 spell levels left.
You didn't know any spells.
Your spell library was empty.

Dungeon Overview and Level Annotations

Branches:
Dungeon (13/15)            Temple (0/1) D:4            Lair (6/6) D:9
 Shoals (0/4) Lair:2       Spider (0/4) Lair:3        Slime (0/5) Lair:5
    Orc (2/2) D:9             Elf (0/3) Orc:2
 Vaults: D:13-14

Altars:
Cheibriados
Dithmenos
Elyvilon
Fedhas
Kikubaaqudgha
Okawaru
Qazlal
Uskayaw
Vehumet
Zin
The Shining One
Beogh

Shops:
D:10 %=   Orc:2 [*?}

Annotations:
D:8 exclusion: electric eel


Innate Abilities, Weirdness & Mutations

You reflexively headbutt those who attack you in melee.
You have a pair of horns on your head.
Your flesh is cold resistant. (rC+)
You are resistant to electric shocks. (rElec)
You expend magic power (3 MP) to strengthen your wands.
[Scrolls take you longer to read.]
[You are very frail. (-20% HP)]


Message History

You feel your health improve.
The wretched star glows turbulently.
The orb of energy hits you!
* * * LOW HITPOINT WARNING * * *
The orb of energy explodes!
The mystic blast hits the quasit.
The quasit barely misses you. You furiously retaliate!
You headbutt the quasit!
You kill the quasit!
Trog accepts your kill.
The wretched star pulses with an eldritch light!
Your vision blurs. x2
The wretched star glows turbulently.
The orb of energy hits you!
* * * LOW HITPOINT WARNING * * *
The orb of energy explodes!
The wretched star pulses with an eldritch light!
You feel frail. x2
Your magical contamination has completely faded away.
The wretched star glows turbulently.
The orb of energy hits you!
You die...

..# .....#.### ...
.....# .........#
. #...#.#.# ..
#...#.#.##
...#........#
.#.....#.#@#
...........##
.......#.##.#
...#...##..#
.........#.##
......*....## ##
............# ..#
......##...####..#
..........##. .#.#


You could see a wretched star.

Vanquished Creatures
  Kirke (Lair:4)
  A frost giant (IceCv)
  An orc warlord (Orc:1)
  An ophan (Abyss:2)
  Nessos (Lair:4)
  4 dire elephants (Lair:6)
  The ghost of Nees the Cleaver, a journeyman DsGl of Okawaru (D:12)
  8 hydras
  The ghost of biddum the Cleaver, a journeyman HOFi of Makhleb (D:11)
  2 centaur warriors (D:13)
  An anaconda (Lair:6)
  2 two-headed ogres
  A dancing weapon (Volcano)
  2 death yaks (IceCv)
  Urug (Lair:5)
  An orc high priest (Orc:2)
  A titan zombie (Abyss:2)
  Sonja (Lair:4)
  A sixfirhy (Abyss:2)
  A skeletal warrior (D:13)
  2 large abominations (Abyss:2)
  4 unseen horrors
  5 wizards (Volcano)
  2 ugly things
  3 orc knights
  An orc sorcerer (Orc:2)
  6 oklob plants
  3 cyclopes
  A wolf spider (Lair:3)
  6 black mambas
  5 toenail golems (Volcano)
  A torpor snail (Lair:2)
  4 elephants (Lair:6)
  An ice statue (IceCv)
  2 smoke demons (Abyss:2)
  14 spiny frogs
  5 komodo dragons
  An ancient zyme (Abyss:2)
  2 rime drakes
  A freezing wraith (Abyss:2)
  2 jumping spiders (Lair:3)
  8 trolls
  Grinder (D:6)
  19 polar bears
  A hornet (D:10)
  10 hippogriffs
  5 blink frogs (Lair:5)
  A snapping turtle (Lair:2)
  2 small abominations (Abyss:2)
  The ghost of removed the Stinger, an amateur DEWn (D:5)
  3 redbacks
  A vampire (D:12)
  5 wyverns
  2 spriggans
  4 wraiths (D:11)
  69 yaks
  11 basilisks
  3 fire bats (Lair:3)
  3 steam dragons
  2 hungry ghosts
  Menkaure (D:6)
  5 wargs
  An acid dragon (D:12)
  8 water moccasins
  8 porcupines
  36 orc warriors
  3 ice beasts
  5 sky beasts
  7 black bears
  A necrophage (D:8)
  10 ogres
  A phantom (D:5)
  20 wolves
  14 centaurs
  14 crocodiles
  Blork the orc (D:6)
  2 big kobolds
  19 bullfrogs
  A wyvern zombie (D:9)
  6 water moccasin zombies (Ossuary)
  A water moccasin skeleton (D:8)
  A scorpion (D:6)
  11 killer bees
  9 howler monkeys
  4 electric eels
  A lava snake (Lair:2)
  4 crimson imps
  A bullfrog zombie (D:12)
  5 starcursed masses (Abyss:2)
  A bullfrog skeleton (D:6)
  6 hounds
  3 centaur zombies
  21 jellies
  2 quasits
  Crazy Yiuf (D:5)
  28 orc priests
  2 centaur skeletons
  An iron imp (Abyss:2)
  Ijyb (D:2)
  Natasha (thrice) (D:3)
  An iguana (D:8)
  26 orc wizards
  3 worker ants
  A killer bee zombie (D:9)
  3 big kobold zombies (Ossuary)
  A hound skeleton (D:7)
  2 mummies (Ossuary)
  2 howler monkey zombies (D:4)
  4 worker ant zombies
  4 gnolls (D:2)
  A howler monkey skeleton (D:8)
  19 adders
  2 shadow imps (D:10)
  A white imp (Abyss:2)
  An ooze (D:3)
  4 adder zombies
  2 adder skeletons (D:4)
  3 worms
  3 dart slugs
  6 leopard geckos
  94 orcs
  10 giant cockroaches
  9 goblins
  7 hobgoblins
  18 jackals
  5 quokkas
  A ball python (D:5)
  A ball python skeleton (D:4)
  7 bats
  7 frilled lizards
  2 giant cockroach zombies (D:4)
  A gnoll zombie (Ossuary)
  6 hobgoblin zombies (Ossuary)
  3 jackal skeletons
  A jackal zombie (D:4)
  14 kobolds
  7 kobold zombies (Ossuary)
  2 leopard gecko zombies (D:4)
  3 orc zombies (Ossuary)
  A quokka skeleton (D:4)
  8 rats
  12 fungi
  12 plants
  A withered plant (D:4)
845 creatures vanquished.

Vanquished Creatures (collateral kills)
  Rupert (Lair:4)
  A minotaur (Lab)
  3 orc high priests (Orc:2)
  An ugly thing (D:11)
  A hippogriff (Lair:4)
  4 orc warriors
  5 orc priests (Orc:2)
  2 orc wizards (Orc:2)
  An orc (Orc:2)
19 creatures vanquished.

Vanquished Creatures (others)
  2 humans (Lair:4)
  A wolf (IceCv)
  An adder (D:8)
  36 fungi
  28 plants
  12 toadstools (Lair:6)
80 creatures vanquished.

Grand Total: 944 creatures vanquished

Notes
Turn   | Place    | Note
-------+----------+-------------------------------------------
     0 | D:1      | LairdRich the Minotaur Berserker began the quest for the Orb.
     0 | D:1      | Reached XP level 1. HP: 19/19 MP: 0/0
   227 | D:1      | Reached XP level 2. HP: 23/27 MP: 1/1
   240 | D:1      | Reached skill level 4 in Axes
   664 | D:1      | Reached XP level 3. HP: 31/33 MP: 2/2
   820 | D:2      | Reached ** piety under Trog
   919 | D:2      | Reached skill level 5 in Axes
   922 | D:2      | Reached XP level 4. HP: 13/41 MP: 3/3
  1683 | D:2      | Found an iron altar of Okawaru.
  1974 | D:2      | Noticed Ijyb
  2019 | D:2      | Killed Ijyb
  2019 | D:2      | Reached XP level 5. HP: 6/47 MP: 4/4
  2376 | D:3      | Found a snail-covered altar of Cheibriados.
  2437 | D:3      | Noticed Natasha
  2442 | D:3      | Killed Natasha
  2442 | D:3      | Reached skill level 5 in Fighting
  2442 | D:3      | Reached skill level 6 in Axes
  2609 | D:3      | Noticed Natasha
  2614 | D:3      | Killed Natasha
  2805 | D:3      | Noticed Natasha
  2815 | D:3      | Killed Natasha
  3139 | D:4      | Reached XP level 6. HP: 46/56 MP: 5/5
  3142 | D:4      | Reached *** piety under Trog
  3287 | D:4      | Reached skill level 7 in Axes
  3991 | D:4      | Reached skill level 8 in Axes
  3991 | D:4      | Reached XP level 7. HP: 42/63 MP: 6/6
  4284 | D:4      | Found a staircase to the Ecumenical Temple.
  4419 | D:5      | Entered Level 5 of the Dungeon
  4646 | D:5      | Reached skill level 9 in Axes
  4726 | D:5      | Reached XP level 8. HP: 64/73 MP: 7/7
  4745 | D:5      | Found a white marble altar of Elyvilon.
  4791 | D:5      | Reached **** piety under Trog
  4812 | D:5      | Reached skill level 10 in Axes
  5269 | D:5      | Found a runed door.
  5270 | D:5      | Noticed removed's ghost (amateur DEWn)
  5290 | D:5      | Killed removed's ghost
  5290 | D:5      | Reached skill level 11 in Axes
  5363 | D:5      | Found a runed door.
  5494 | D:5      | Noticed Crazy Yiuf
  5501 | D:5      | Killed Crazy Yiuf
  5985 | D:6      | Reached XP level 9. HP: 82/82 MP: 8/8
  6090 | D:6      | Noticed Menkaure
  6096 | D:6      | Killed Menkaure
  6096 | D:6      | Reached skill level 12 in Axes
  6132 | D:6      | Noticed Blork the orc
  6140 | D:6      | Killed Blork the orc
  6206 | D:6      | Found a stormy altar of Qazlal.
  6224 | D:6      | Noticed Grinder
  6243 | D:6      | Killed Grinder
  7126 | D:7      | Reached ***** piety under Trog
  7193 | D:7      | Reached skill level 13 in Axes
  7197 | D:7      | Reached skill level 10 in Fighting
  7742 | D:7      | Received a gift from Trog
  7783 | D:7      | Found an ancient bone altar of Kikubaaqudgha.
  8146 | D:8      | Noticed a two-headed ogre
  8153 | D:8      | Killed a two-headed ogre
  8153 | D:8      | Reached skill level 5 in Armour
  8153 | D:8      | Reached XP level 10. HP: 64/94 MP: 9/9
  8535 | D:8      | Reached skill level 14 in Axes
  8783 | D:8      | Found a sand-covered staircase.
  8788 | Ossuary  | Entered an ossuary
  9825 | D:9      | Received a gift from Trog
  9998 | D:9      | Reached skill level 15 in Axes
 10008 | D:9      | Found a staircase to the Lair.
 10054 | D:9      | Found a staircase to the Orcish Mines.
 10437 | D:9      | Reached XP level 11. HP: 72/102 MP: 3/10
 10668 | D:9      | Found a glowing silver altar of Zin.
 10668 | D:9      | Found a hide-covered altar of Uskayaw.
 10669 | D:9      | Found a shadowy altar of Dithmenos.
 10981 | D:9      | Found a glowing golden altar of the Shining One.
 11007 | D:10     | Entered Level 10 of the Dungeon
 11007 | D:10     | Found Xeelen's Jewellery Shoppe.
 11165 | D:10     | Found Sysof's Food Boutique.
 11291 | D:10     | Found a radiant altar of Vehumet.
 11814 | D:11     | Killed an unseen horror
 11842 | D:11     | Noticed a two-headed ogre
 11850 | D:11     | Killed a two-headed ogre
 12173 | D:11     | Noticed a brown ugly thing
 12184 | D:11     | Killed a brown ugly thing
 12282 | D:11     | Noticed a cyan ugly thing
 12291 | D:11     | Killed a cyan ugly thing
 12646 | D:11     | Noticed a six-headed hydra
 12650 | D:11     | Killed a three-headed hydra
 12650 | D:11     | Reached skill level 16 in Axes
 12778 | Lair:1   | Entered Level 1 of the Lair of Beasts
 14163 | Lair:2   | Got an ichor-stained ring mail
 14174 | Lair:2   | Identified the +4 ring mail "Hakiatt" {Str+4} (You found it on level 2 of the Lair of Beasts)
 14271 | Lair:2   | Noticed a four-headed hydra
 14288 | Lair:2   | Noticed a five-headed hydra
 14313 | Lair:1   | Reached XP level 12. HP: 65/113 MP: 11/11
 14526 | Lair:2   | Killed a three-headed hydra
 14781 | Lair:1   | Reached skill level 17 in Axes
 15357 | Lair:2   | Reached skill level 10 in Armour
 15788 | Lair:2   | Killed a one-headed hydra
 15788 | Lair:2   | Reached skill level 1 in Evocations
 15867 | Lair:2   | Received a gift from Trog
 16833 | Lair:2   | Found a staircase to the Shoals.
 17221 | Lair:3   | Found a dark tunnel.
 17233 | Volcano  | Entered a volcano
 18083 | Lair:3   | Noticed a seven-headed hydra
 18099 | Lair:3   | Killed a five-headed hydra
 18099 | Lair:3   | Reached skill level 18 in Axes
 18211 | Lair:3   | Found a hole to the Spider Nest.
 18826 | Lair:3   | Reached XP level 13. HP: 121/123 MP: 14/14
 19132 | Lair:4   | Noticed Rupert
 19145 | Lair:4   | Paralysed by Rupert for 2 turns
 19150 | Lair:4   | Paralysed by Rupert for 5 turns
 19154 | Lair:4   | Killed Rupert
 19229 | Lair:4   | Noticed Sonja
 19260 | Lair:4   | Killed Sonja
 19286 | Lair:4   | Noticed Nessos
 19310 | Lair:4   | HP: 2/123 [Nessos/arrow (7)]
 19705 | Lair:4   | Killed Nessos
 19963 | Lair:4   | Noticed Kirke
 19971 | Lair:4   | Killed Kirke
 21371 | Lair:5   | Found a staircase to the Slime Pits.
 21372 | Lair:5   | Noticed Urug
 21386 | Lair:5   | Killed Urug
 21386 | Lair:5   | Reached skill level 5 in Evocations
 21539 | Lair:5   | Reached skill level 19 in Axes
 23578 | Lair:5   | Got a fine scale mail
 23581 | Lair:5   | Identified the +2 scale mail of Lifelessness {rF+ MR+} (You found it on level 5 of the Lair of Beasts)
 23919 | Lair:6   | Entered Level 6 of the Lair of Beasts
 23936 | Lair:6   | Found a labyrinth entrance.
 23960 | Lab      | Entered a labyrinth
 26703 | Lab      | Noticed a minotaur
 26717 | Lab      | Killed a minotaur
 26733 | Lab      | Got a flickering golden amulet
 26961 | Lair:6   | Reached XP level 14. HP: 66/133 MP: 17/17
 28383 | Lair:6   | Found a blossoming altar of Fedhas.
 29117 | Lair:6   | Reached skill level 15 in Fighting
 29326 | Lair:6   | Reached skill level 20 in Axes
 29372 | Lair:6   | Got a scorched granite ring
 29589 | Lair:6   | Identified the ring of the Jester {rC+ MR+ MP+9 Stlth+} (You found it on level 6 of the Lair of Beasts)
 29593 | Lair:6   | Identified an amulet "Zipeostra" {RegenMP -Tele Str+6 Stlth+} (You found it in a labyrinth)
 29954 | D:1      | Identified 2 scrolls of acquirement
 30182 | D:1      | Got a shimmering plate armour
 30185 | D:1      | Identified the +1 plate armour of Kindness {*Slow MR+ Regen+ rCorr} (You acquired it on level 1 of the Dungeon)
 30663 | D:11     | Got a crystal battleaxe
 30671 | D:11     | Identified the +9 battleaxe of Unreason {elec, rN+} (You found it on level 11 of the Dungeon)
 30819 | D:11     | Got a slimy lapis lazuli ring
 30890 | D:11     | Found a runed gate.
 30890 | D:11     | Found a runed gate.
 30891 | D:11     | Found a runed gate.
 30894 | D:11     | Noticed biddum's ghost (journeyman HOFi)
 30908 | D:11     | Killed biddum's ghost
 30947 | D:11     | Identified the ring "Uphaomowk" {rC+ MR+} (You found it on level 11 of the Dungeon)
 31124 | D:12     | Found a frozen archway.
 31135 | IceCv    | Entered an ice cave
 31769 | IceCv    | Noticed a frost giant
 31770 | IceCv    | Found the +2 cloak of the Thief {+Fog Slay-2 SInv Stlth+}
 31780 | IceCv    | Killed a frost giant
 31794 | IceCv    | Received a gift from Trog
 31798 | IceCv    | Reached XP level 15. HP: 139/143 MP: 20/20
 32076 | D:12     | Found a runed gate.
 32076 | D:12     | Found a runed gate.
 32553 | D:12     | Found a runed gate.
 32637 | D:12     | Noticed Nees's ghost (journeyman DsGl)
 32639 | D:12     | Found the +0 Maxwell's etheric cage {RegenMP+ *Contam rElec MP+4}
 32653 | D:12     | Found a roughly hewn altar of Beogh.
 32752 | Orc:1    | Entered Level 1 of the Orcish Mines
 32820 | D:9      | Reached skill level 1 in Crossbows
 33484 | Orc:1    | Received a gift from Trog
 33489 | Orc:1    | Found a roughly hewn altar of Beogh.
 33562 | Orc:1    | Gained mutation: Your flesh is cold resistant. (rC+) [potion of mutation]
 33562 | Orc:1    | Gained mutation: You are resistant to electric shocks. (rElec) [potion of mutation]
 33562 | Orc:1    | Gained mutation: You expend magic power (3 MP) to strengthen your wands. [potion of mutation]
 33747 | Orc:2    | Entered Level 2 of the Orcish Mines
 33747 | Orc:2    | Found a staircase to the Elven Halls.
 33784 | Orc:2    | Noticed an orc warlord
 33862 | Orc:1    | Killed an orc warlord
 34189 | Orc:2    | Found a roughly hewn altar of Beogh.
 34586 | Orc:2    | Found Wipp's Magic Scroll Shop.
 34586 | Orc:2    | Found Kus Baon's Gadget Shop.
 34587 | Orc:2    | Found Luzeq's Assorted Antiques.
 34593 | Orc:2    | Found Rachyff's Antique Armour Boutique.
 34597 | Orc:2    | Bought a scroll of identify for 30 gold pieces
 34597 | Orc:2    | Bought a scroll of identify for 30 gold pieces
 34597 | Orc:2    | Bought a scroll of identify for 30 gold pieces
 35162 | D:12     | Killed Nees's ghost
 35427 | D:13     | Received a gift from Trog
 35576 | D:13     | Cast into level 2 of the Abyss (skeletal warrior)
 35963 | Abyss:2  | HP: 4/145 [wretched star/orb of energy (14)]
 35968 | Abyss:2  | Killed from afar by a wretched star

Vault maps used:
D:1:      dpeg_arrival_rhombus
D:2:      kennysheep_the_goblin_king, kennysheep_okawaru_gauntlet
D:3:      old_standard_altar, uniq_natasha
D:4:      minmay_temple_entry_nine_rooms, serial_undead, serial_undead_d,
          serial_undead_d, serial_undead_d, serial_undead_b, serial_undead_f,
          serial_undead_d, first_ration
D:5:      elyvilon_altar_3, ebering_ghost_reflecting_pool,
          uniq_crazy_yiuf_cottage
D:6:      kennysheep_mini, uniq_blork_the_orc, uniq_menkaure, uniq_grinder
D:7:      kiku_gazebo_pond_becter, serial_corexii_hall, corexii_hall_statues_x,
          corexii_hall_statues_s
D:8:      statuecave_lemuel, nicolae_ossuary_entry_false_entrances,
          grunt_pizzeria
D:9:      tso_oasis_becter, gammafunk_temple_overflow_claw,
          grunt_lair_entry_orc_guard_hut, orc_0_dummy
D:10:     serial_shops, nicolae_shop_stone, shop, lemuel_tele_altar
D:11:     gammafunk_ghost_spectres
D:12:     portal_ice_cave_entry_pillars_1, biasface_ghost_orc_armoury
D:13:     gammafunk_ghost_spectres
Lair:1:   grunt_megastairs_1
Lair:2:   minmay_shoals_entry_hut, grunt_megastairs_2
Lair:3:   spider_nest_entry_funnel_web, nicolae_volcano_entry_batcave
Lair:4:   kennysheep_basilisk_garden, uniq_sonja, uniq_rupert, uniq_nessos,
          uniq_kirke
Lair:5:   minmay_slime_entry_jelly_boxes, forest_entry_grove,
          infiniplex_staircase_pool, minmay_lair_oklob_chamber, uniq_urug
Lair:6:   due_jungle_book, lab_entry_generic, tgw_fedhas, lemuel_fruit_fields,
          serial_bayou_shore_b, grunt_megastairs_3, serial_bayou_shore_b,
          lemuel_fruit_tree
Orc:1:    basic_altar, serial_shops, shop, statue_in_the_mist_lemuel,
          minmay_orc_temple_b
Orc:2:    st_orc_mages, basic_altar
Abyss:2:  evilmike_abyss_exit_vortex
Lab:      labyrinth_spiral, nicolae_lab_lava, lab_block,
          labyrinth_skeletal_remains, nicolae_lab_blocks
Ossuary:  ossuary_tomb_2
IceCv:    ice_cave_caverns_01
Volcano:  volcano_bunker

Skill      XL: |  1  2  3  4  5  6  7  8  9 10 11 12 13 14 15 |
---------------+----------------------------------------------+-----
Axes           | 4 5 6 8 9 11 13 15 16 18 19 20 | 20.0
Fighting       | 4 5 6 7 8 10 11 12 13 14 15 16 | 16.5
Armour         | 5 7 9 11 12 13 14 | 14.8
Evocations     | 3 5 8 9 |  9.5
Crossbows      | 4 |  4.2
Dodging        | |  2.4

Action                   |  1- 3 |  4- 6 |  7- 9 | 10-12 | 13-15 || total
-------------------------+-------+-------+-------+-------+-------++-------
Melee: Hand axe          |    60 |    58 |       |       |       ||   118
       Headbutt          |     5 |    29 |    46 |    91 |   207 ||   378
       Unarmed           |       |    37 |       |       |       ||    37
       War axe           |       |   113 |   219 |       |       ||   332
       Battleaxe         |       |       |     7 |   397 |   931 ||  1335
       Executioner's axe |       |       |       |    35 |       ||    35
Invok: Berserk           |       |       |     5 |     1 |     3 ||     9
       Brothers in Arms  |       |       |       |     1 |    11 ||    12
       Trog's Hand       |       |       |       |     2 |     5 ||     7
Evoke: Wand              |       |       |       |       |   114 ||   114
  Use: Scroll            |     5 |     5 |     2 |     9 |    24 ||    45
       Potion            |       |       |       |     2 |    12 ||    14
 Stab: Distracted        |       |       |       |       |     2 ||     2
       Invisible         |       |       |       |       |     2 ||     2
  Eat: Ration            |       |     2 |     3 |     7 |    12 ||    24
       Chunk             |       |     4 |     8 |    13 |    30 ||    55
Armor: Ring mail         |    14 |    41 |    36 |    61 |     2 ||   154
       Animal skin       |     2 |       |       |       |       ||     2
       Scale mail        |       |       |    27 |    45 |   111 ||   183
       Skin              |       |       |       |     3 |       ||     3
       Chain mail        |       |       |       |    72 |       ||    72
       Plate armour      |       |       |       |       |   449 ||   449
Dodge: Dodged            |    27 |   115 |   197 |   308 |   422 ||  1069

Table legend:
 A = Spawn XP
 B = Non-spawn XP
 C = Spawn XP percentage of total XP
 D = Spawn monster count
 E = Non-spawn monster count
 F = Spawn count percentage of total count
 G = Total turns spent on level
                    A         B        C        D         E        F      G
               +---------+---------+-------+---------+---------+-------+---------
         Total |    3306 |  131700 |   2.4 |       7 |     833 |   0.8 | 35968
               +---------+---------+-------+---------+---------+-------+---------
           D:1 |       0 |      42 |   0.0 |       0 |      26 |   0.0 |  1279
           D:2 |       0 |     165 |   0.0 |       0 |      31 |   0.0 |  1357
           D:3 |       0 |     155 |   0.0 |       0 |      19 |   0.0 |   984
           D:4 |       0 |     577 |   0.0 |       0 |      43 |   0.0 |  1312
           D:5 |       0 |    1799 |   0.0 |       0 |      40 |   0.0 |  1415
           D:6 |       0 |    1355 |   0.0 |       0 |      24 |   0.0 |  1055
           D:7 |       0 |     971 |   0.0 |       0 |      20 |   0.0 |  1376
           D:8 |       0 |    2262 |   0.0 |       0 |      25 |   0.0 |  1374
           D:9 |       0 |    5892 |   0.0 |       0 |      63 |   0.0 |  1683
          D:10 |       0 |    1388 |   0.0 |       0 |      15 |   0.0 |   864
          D:11 |       0 |    8170 |   0.0 |       0 |      43 |   0.0 |  1599
          D:12 |       0 |    5226 |   0.0 |       0 |      31 |   0.0 |   940
          D:13 |       0 |    5875 |   0.0 |       0 |      20 |   0.0 |   301
        Lair:1 |       0 |    4486 |   0.0 |       0 |      21 |   0.0 |  2350
        Lair:2 |       0 |    6484 |   0.0 |       0 |      25 |   0.0 |  1903
        Lair:3 |       0 |    3912 |   0.0 |       0 |      14 |   0.0 |  1584
        Lair:4 |       0 |    9879 |   0.0 |       0 |      27 |   0.0 |   978
        Lair:5 |       0 |   10241 |   0.0 |       0 |      47 |   0.0 |  3529
        Lair:6 |       0 |   22295 |   0.0 |       0 |      56 |   0.0 |  2978
         Orc:1 |       0 |    6153 |   0.0 |       0 |      57 |   0.0 |   965
         Orc:2 |       0 |    6367 |   0.0 |       0 |      70 |   0.0 |  1063
       Abyss:2 |    3306 |    3343 |  49.7 |       7 |      12 |  36.8 |   392
           Lab |       0 |    3667 |   0.0 |       0 |       8 |   0.0 |  2775
       Ossuary |       0 |     611 |   0.0 |       0 |      30 |   0.0 |   249
         IceCv |       0 |   14554 |   0.0 |       0 |      55 |   0.0 |   940
       Volcano |       0 |    5831 |   0.0 |       0 |      11 |   0.0 |   723
               +---------+---------+-------+---------+---------+-------+---------
